 Dungeon Crawl Stone Soup version 0.31-a0-325-g067879e3d3 (webtiles) character file.

Game seed: 11545332204695478485

105 LeprechaunX the Changeling (level 4, -6/30 HPs)
             Began as an Octopode Shapeshifter on July 18, 2023.
             Mangled by a phantom (8 damage)
             ... on level 3 of the Dungeon.
             The game lasted 00:02:14 (1688 turns).

LeprechaunX the Changeling (Octopode Shapeshifter)  Turns: 1688, Time: 00:02:15

Health: -6/30      AC:  1    Str: 16    XL:     4   Next: 83%
Magic:  4/4        EV: 13    Int: 10    God:
Gold:   128        SH:  0    Dex: 12    Spells: 3/3 levels left

rFire   . .          .
                       - Unarmed
rCold   . . .        (no shield)
rNeg    . . .        (helmet currently unavailable)
rPois   +            n - amulet of the acrobat
rElec   .            m - ring of poison resistance
rCorr   .            (no ring)
SInv    .            (no ring)
Will    .....        (no ring)
Stlth   ++           (no ring)
HPRegen 0.25/turn    (no ring)
MPRegen 0.09/turn    (no ring)
                     (no ring)

%: acrobat
@: beast-form
A: beast (slay +2), almost no armour, amphibious, 8 rings, camouflage 1,
gelatinous body 1, (nimble swimmer 1), tentacles
a: Begin Untransformation


You were on level 3 of the Dungeon.
You were a hulking beast.
You visited 1 branch of the dungeon, and saw 4 of its levels.

You collected 128 gold pieces.

Inventory:

Jewellery
 m - a ring of poison resistance (left tentacle)
 n - an amulet of the acrobat (around mantle)
Talismans
 b - a beast talisman
Scrolls
 c - 2 scrolls of poison {unknown}
 f - a scroll of blinking {unknown}
 g - 2 scrolls of teleportation {unknown}
 h - a scroll of butterflies {unknown}
 k - a scroll of immolation {unknown}
 l - a scroll of enchant armour {unknown}
 o - a scroll of identify {unknown}
Potions
 a - 2 potions of lignification
 d - a potion of berserk rage {unknown}
 e - a potion of magic {unknown}
 i - a potion of curing {unknown}
 j - a potion of haste {unknown}
 p - a potion of ambrosia {unknown}


   Skills:
 + Level 2.6 Fighting
 + Level 2.5 Dodging
 * Level 3.2 Unarmed Combat
 * Level 3.6 Shapeshifting


You had 3 spell levels left.
You didn't know any spells.
Your spell library contained the following spells:

 Spells                   Type           Power      Damage    Failure   Level
 Shock                    Conj/Air       0%         1d3       36%         1
 Swiftness                Air            0%         N/A       75%         3
 Airstrike                Air            0%         2d(0-16)  98%         4


Dungeon Overview and Level Annotations

Branches:
Dungeon (4/15)
 Temple: D:4-7

Altars:
Dithmenos

Shops:
D:3 (

Annotations:
D:3 Grinder


Innate Abilities, Weirdness & Mutations

You are a hulking beast.
Your limbs bulge with bestial killing power. (Slay +2)
You cannot wear most types of armour.
You are amphibious.
You can wear up to eight rings at the same time.
Your skin changes colour to match your surroundings (Stealth+).
Your rubbery body absorbs attacks. (AC +1, EV +1)
((You are camouflaged when in or above water. (Stealth+)))
You have tentacles for arms and can constrict up to eight enemies at once.


Message History

You closely miss the bat. Your grab misses the bat.
The bat barely misses you. x2
You tentacle-slap the bat. You grab the bat. Your squeeze misses the bat.
The bat is severely wounded.
You constrict the bat.
You kill the bat!
You see here a bat corpse.
You tentacle-slap the phantom. x2; Your squeeze misses the phantom.
The phantom is moderately damaged.
The phantom hits you.
You barely miss the phantom. Your squeeze misses the phantom.
The phantom is moderately damaged.
The hobgoblin hits you.
The phantom hits you but does no damage.
You barely miss the phantom.
The phantom is moderately damaged.
The hobgoblin closely misses you. The phantom hits you.
The phantom blinks!
You blink.
Found a stone staircase leading up.
You are too injured to fight recklessly!
You are too injured to fight recklessly!
You closely miss the phantom.
The phantom is moderately damaged.
The phantom misses you.
You tentacle-slap the phantom. Your squeeze misses the phantom.
The phantom is heavily damaged.
The phantom hits you!
* * * LOW HITPOINT WARNING * * *
The phantom blinks!
You blink.
Found a hand axe.
Found a shadowy altar of Dithmenos.
You tentacle-slap the phantom.
The phantom is heavily damaged.
The phantom hits you.
* * * LOW HITPOINT WARNING * * *
You closely miss the phantom. You squeeze the phantom.
The phantom is severely damaged.
The phantom hits you.
* * * LOW HITPOINT WARNING * * *
You barely miss the phantom.
The phantom is severely damaged.
The phantom hits you!
You die...

####.........#
..#..........#
.........)...#
._...........#
.............#
#..........##
###...........#
.......h.....<#
.......W......#
.##..∩.......##
##.....g...#####
.#.#..§..#.....##
........§........####
$>..................##
.....<......[.†..)...##
####.#.......>...........#


You could see a phantom and a hobgoblin.

Vanquished Creatures
  Terence (D:3)
  4 adders
  3 endoplasms
  3 giant cockroaches
  4 goblins
  6 hobgoblins
  2 kobolds (D:2)
  5 quokkas
  2 ball pythons
  7 bats
  A frilled lizard (D:2)
  5 rats (D:1)
43 creatures vanquished.

Notes
Turn   | Place    | Note
-------+----------+-------------------------------------------
     0 | D:1      | LeprechaunX the Octopode Shapeshifter began the quest for
                  | the Orb.
     0 | D:1      | Reached XP level 1. HP: 14/14 MP: 1/1
   179 | D:1      | Reached XP level 2. HP: 18/19 MP: 2/2
   752 | D:2      | Reached XP level 3. HP: 24/24 MP: 3/3
  1462 | D:3      | Reached XP level 4. HP: 30/30 MP: 4/4
  1473 | D:3      | Noticed Terence
  1485 | D:3      | Killed Terence
  1643 | D:3      | Noticed Grinder
  1659 | D:3      | Paralysed by Grinder for 4 turns
  1665 | D:4      | Noticed a scorpion
  1672 | D:3      | Noticed a phantom
  1672 | D:3      | Found Odelat's Antique Weapon Shoppe.
  1685 | D:3      | Found a shadowy altar of Dithmenos.
  1688 | D:3      | Mangled by a phantom

Illustrated notes

Levels and vault maps discovered:
D:1:      onia_arrival_pyramid, layout_basic
D:2:      layout_basic
D:3:      layout_rooms, mainiacjoe_overflow_alcove_1, serial_shops, shop,
          wad_orctagon, uniq_grinder, uniq_terence
D:4:      kennysheep_slugbush, layout_loops_cross, general_overflow_altar,
          nicolae_vehumet_radiance, lemuel_crystal_altar

Skill      XL: |  1  2  3  4 |
---------------+-------------+-----
Unarmed Combat | 3 |  3.2
Fighting       | |  2.6
Dodging        | |  2.5
Shapeshifting  | |  3.6

Action                     |  1- 3 |  4- 6 || total
---------------------------+-------+-------++-------
  Melee: Unarmed           |    67 |    33 ||   100
         Constrict         |    17 |     5 ||    22
         Tentacles         |    12 |     4 ||    16
         Punch             |       |     1 ||     1
   Stab: Sleeping          |     7 |     1 ||     8
 Armour: Skin              |     7 |     1 ||     8
  Dodge: Dodged            |    29 |    17 ||    46

Table legend: (Time is in decaauts)
 A = Elapsed time spent in this place.
 B = Non-inter-level travel time spent in this place.
 C = Inter-level travel time spent in this place.
 D = Time resting spent in this place.
 E = Time spent auto-exploring this place.
 F = Levels seen in this place.
 G = Mean time per level.
                   A        B        C        D        E       F      G
               +--------+--------+--------+--------+--------+-----+--------+
         Total |   1682 |   1644 |     38 |     24 |   1331 |   4 |  420.5 |
       Dungeon |   1682 |   1644 |     38 |     24 |   1331 |   4 |  420.5 |
               +--------+--------+--------+--------+--------+-----+--------+

Top non-repeatable levels by time:
     D:2: 760 daAuts
     D:1: 694 daAuts
     D:3: 219 daAuts
     D:4: 7 daAuts
